 Dungeon Sprint DCSS version 0.30-a0-210-g01b79a254e (webtiles) character file.

Game seed: 173690522346364536

148 rocky1 the Cleaver (level 5, -6/63 HPs)
             Began as an Ogre Gladiator on Oct 5, 2022.
             Was an Initiate of Okawaru.
             Mangled by a gnoll sergeant
             ... wielding a +2 spear of flaming
              (7 damage)
             ... in the Dungeon (Sprint VII: "The Pits").
             The game lasted 00:02:13 (389 turns).

rocky1 the Cleaver (Ogre Gladiator)                  Turns: 389, Time: 00:02:23

Health: -6/63      AC:  3    Str: 20    XL:     5   Next: 30%
Magic:  5/5        EV: 10    Int:  9    God:    Okawaru [......]
Gold:   0          SH:  0    Dex: 10    Spells: 4/4 levels left

rFire   . . .      SeeInvis .    a - +0 war axe
rCold   . . .      Faith    .    (no shield)
rNeg    . . .      Spirit   .    b - +0 robe
rPois   .          Reflect  .    c - +0 hat
rElec   .          Harm     .    (no cloak)
rCorr   .          Rampage  .    (gloves unavailable)
Will    .....      NoTele   +    (boots unavailable)
Stlth   +.........               (no amulet)
HPRegen 0.30/turn                (no ring)
MPRegen 0.09/turn                (no ring)

@: on berserk cooldown, slowed, very slow
A: large, unfitting armour, tough skin 1
a: Renounce Religion


You were in the Dungeon.
You worshipped Okawaru.
Okawaru was noncommittal.
You visited 1 branch

Inventory:

Hand Weapons
 a - a +0 war axe (weapon)
Missiles
 d - 3 throwing nets (quivered)
 e - a large rock
Armour
 b - a +0 robe (worn)
 c - a +0 hat (worn)
Scrolls
 k - a scroll of blinking
 l - 5 scrolls of amnesia
Potions
 f - 2 potions of invisibility
 g - a potion of heal wounds
 h - a potion of haste
 i - 4 potions of magic
 j - 2 potions of berserk rage


   Skills:
 + Level 8.2 Fighting
 * Level 8.9 Axes
 - Level 2.0 Throwing
 - Level 2.6 Dodging


You had 4 spell levels left.
You didn't know any spells.
Your spell library was empty.

Dungeon Overview and Level Annotations

Branches:
Dungeon (1/1)

Altars:
Ashenzari
Cheibriados
Dithmenos
Elyvilon
Fedhas
Gozag
Hepliaklqana
Kikubaaqudgha
Makhleb
Nemelex Xobeh
Okawaru
Qazlal
Ru
Sif Muna
Trog
Uskayaw
Vehumet
Wu Jian
Xom
Yredelemnul
Zin
The Shining One
Jiyva
Lugonu


Innate Abilities, Weirdness & Mutations

You are too large for most types of armour.
You have tough skin. (AC +1)


Message History

You hit the gnoll sergeant.
The gnoll sergeant is lightly wounded.
You slash the gnoll!
You kill the gnoll!
Okawaru accepts your kill.
You hit the gnoll sergeant but do no damage.
The gnoll sergeant is lightly wounded.
The gnoll sergeant hits you with a +2 spear of flaming!
The gnoll sergeant burns you.
You barely miss the gnoll sergeant.
The gnoll sergeant is lightly wounded.
The gnoll sergeant hits you with a +2 spear of flaming.
The gnoll sergeant burns you.
You hit the gnoll sergeant.
The gnoll sergeant is moderately wounded.
The gnoll sergeant hits you with a +2 spear of flaming!
The gnoll sergeant burns you.
* * * LOW HITPOINT WARNING * * *
You hit the gnoll sergeant but do no damage.
The gnoll sergeant is moderately wounded.
You slash the gnoll sergeant!
The gnoll sergeant is heavily wounded.
The gnoll sergeant hits you with a +2 spear of flaming.
* * * LOW HITPOINT WARNING * * *
The gnoll sergeant burns you.
* * * LOW HITPOINT WARNING * * *
You hit the gnoll sergeant.
The gnoll sergeant is almost dead.
You are no longer berserk.
You are exhausted.
You feel yourself slow down.
The gnoll sergeant completely misses you.
You hit the gnoll sergeant.
The gnoll sergeant is almost dead.
The gnoll sergeant hits you with a +2 spear of flaming!
* * * LOW HITPOINT WARNING * * *
The gnoll sergeant burns you.
* * * LOW HITPOINT WARNING * * *
The gnoll sergeant hits you with a +2 spear of flaming!
You die...

##########.##..........
#..........รท'..........
#+#####'#####......#..#
#...#.# #..........
#...#.# ####'#####+
#...'.# #.......#
##)#### #.......#
#.).).# #.......#
#..g@.# #...<...#
#........##.......#
#........##.......#
###########.......#
#########


You could see a gnoll sergeant.

Vanquished Creatures
  A floating eye (D)
  3 gnolls (D)
  An adder (D)
  2 endoplasms (D)
  A hobgoblin (D)
  2 quokkas (D)
  A giant cockroach zombie (D)
11 creatures vanquished.

Notes
Turn   | Place    | Note
-------+----------+-------------------------------------------
     0 | D        | rocky1 the Ogre Gladiator began the quest for the Orb.
     0 | D        | Reached XP level 1. HP: 22/22 MP: 1/1
    23 | D        | Reached XP level 2. HP: 16/32 MP: 2/2
   291 | D        | Found a bloodstained altar of Trog.
   291 | D        | Found a shimmering blue altar of Sif Muna.
   291 | D        | Found a viscous altar of Jiyva.
   291 | D        | Found a hazy altar of Hepliaklqana.
   291 | D        | Found an opulent altar of Gozag.
   292 | D        | Found a glowing golden altar of the Shining One.
   292 | D        | Found a glowing silver altar of Zin.
   292 | D        | Found a basalt altar of Yredelemnul.
   292 | D        | Found a shimmering altar of Xom.
   292 | D        | Found an ornate altar of the Wu Jian Council.
   292 | D        | Found a sacrificial altar of Ru.
   292 | D        | Found a stormy altar of Qazlal.
   292 | D        | Found an iron altar of Okawaru.
   292 | D        | Found a sparkling altar of Nemelex Xobeh.
   292 | D        | Found a burning altar of Makhleb.
   292 | D        | Found a blossoming altar of Fedhas.
   292 | D        | Found a white marble altar of Elyvilon.
   292 | D        | Found a shadowy altar of Dithmenos.
   292 | D        | Found a snail-covered altar of Cheibriados.
   295 | D        | Found a corrupted altar of Lugonu.
   295 | D        | Found a radiant altar of Vehumet.
   296 | D        | Found an ancient bone altar of Kikubaaqudgha.
   296 | D        | Found a hide-covered altar of Uskayaw.
   296 | D        | Found a broken altar of Ashenzari.
   300 | D        | Became a worshipper of Warmaster Okawaru
   347 | D        | Noticed a floating eye
   349 | D        | Killed a floating eye
   350 | D        | Reached XP level 3. HP: 46/46 MP: 3/3
   350 | D        | Reached XP level 4. HP: 55/55 MP: 4/4
   369 | D        | Reached XP level 5. HP: 57/62 MP: 5/5
   389 | D        | HP: 2/63 [gnoll sergeant/+2 spear of flaming (12)]
   389 | D        | Mangled by a gnoll sergeant

Illustrated notes

Levels and vault maps discovered:
D:        pitsprint [storerooms_1, entrance_room_1, metal_vault_2, armoury_2,
          mini_pit_1, grid_room_1, main_hall_1, silver_pit, the_coven_1,
          the_vestibule_1, steel_vault_3, golden_pit, hallway_of_sentries,
          crystal_vault_1, iron_vault_5, final_vault]

Skill      XL: |  1  2  3  4  5 |
---------------+----------------+-----
Fighting       | 4 7 8 |  8.2
Axes           | 4 8 |  8.9
Throwing       | |  2.0
Dodging        | |  2.6

Action                   |  1- 3 |  4- 6 || total
-------------------------+-------+-------++-------
Melee: War axe           |    15 |    23 ||    38
  Use: Potion            |     1 |     1 ||     2
Armor: Robe              |     5 |     4 ||     9
Dodge: Dodged            |     9 |     7 ||    16

Table legend: (Time is in decaauts)
 A = Elapsed time spent in this place.
 B = Non-inter-level travel time spent in this place.
 C = Inter-level travel time spent in this place.
 D = Time resting spent in this place.
 E = Time spent auto-exploring this place.
 F = Levels seen in this place.
 G = Mean time per level.
                   A        B        C        D        E       F      G
               +--------+--------+--------+--------+--------+-----+--------+
         Total |    392 |    392 |      0 |    270 |      0 |   1 |  392.0 |
       Dungeon |    392 |    392 |      0 |    270 |      0 |   1 |  392.0 |
               +--------+--------+--------+--------+--------+-----+--------+

Top non-repeatable levels by time:
       D: 392 daAuts
